 Dungeon Crawl Stone Soup version bcrawl-1.21.2-1-g32d02e0829 (webtiles) character file.

Game seed: 2413557580812110402

1764 Foic the Caller (level 8, -2/59 HPs)
             Began as a Demigod Summoner on Feb 20, 2020.
             Slain by a phantom (4 damage)
             ... on level 7 of the Dungeon.
             The game lasted 00:57:30 (8589 turns).

Foic the Caller (Demigod Summoner)                  Turns: 8589, Time: 00:57:31

Health: -2/59      AC: 11    Str: 20    XL:     8   Next: 79%
Magic:  12/21      EV: 11    Int: 23    God:    Demigod [***...]
Gold:   462        SH:  5    Dex: 17    Spells: 10/20 levels left

rFire    . . .     SeeInvis +   D - +2 flail (holy)
rCold    . . .     Gourm    .   o - +0 buckler
rNeg     . . .     Faith    +   M - +2 ring mail {MR+}
rPois    .         Spirit   .   u - +1 helmet {SInv}
rElec    .         Reflect  .   I - +0 cloak
rCorr    .         Harm     .   (no gloves)
MR       +....                  K - +0 pair of boots
Stlth    +.........             z - amulet of faith
HPRegen  0.19/turn              f - +5 ring of strength
MPRegen  0.17/turn              a - +3 ring of strength (curse)

@: liquid flames, glowing
A: hooves 1, high mp 1, mutation resistance 1
a: Temporal Distortion, Growth, Major Destruction


You were on level 7 of the Dungeon.
You worshipped Demigod.
Demigod was most pleased with you.
You were hungry.

You visited 2 branches of the dungeon, and saw 8 of its levels.

You collected 462 gold pieces.

Inventory:

Hand Weapons
 g - a +1 short sword
 h - a +2 antimagic rapier
 D - a +2 flail of holy wrath (weapon)
 G - a +2 quarterstaff of chaos
 H - a +0 scythe of flaming
Missiles
 d - 1252 stones (quivered)
 q - 664 arrows
 y - 111 tomahawks
Armour
 o - a +0 buckler (worn)
 t - a +0 chain mail
 u - a +1 helmet of see invisible (worn)
 E - a +0 robe of fire resistance
 I - a +0 cloak (worn)
 J - a +0 plate armour
 K - a +0 pair of boots (worn)
 M - a +2 ring mail of magic resistance (worn)
 P - a +2 leather armour of magic resistance
Jewellery
 a - a cursed +3 ring of strength (right hand)
 f - a +5 ring of strength (left hand)
 z - an amulet of faith (around neck)
 F - the amulet "Ymuboo Teme" {Spirit rElec rPois Str-2 Slay+2}
   (You took it off an orc wizard on level 5 of the Dungeon)

   [amulet of guardian spirit]

   It causes incoming damage to be split between your health and magic.
   It affects your strength (-2).
   It affects your accuracy and damage with ranged weapons and melee attacks
   (+2).
   It insulates you from electricity.
   It protects you from poison.
Wands
 L - a wand of paralysis (6)
Scrolls
 k - 4 scrolls of immolation
 l - 2 scrolls of noise {unknown}
 m - a scroll of fog {unknown}
 r - 2 scrolls of enchant weapon
 s - 7 scrolls of remove curse
 v - 5 scrolls of identify
 w - 3 scrolls of magic mapping {unknown}
 C - a scroll of amnesia {unknown}
 O - a scroll of teleportation {unknown}
Potions
 i - 2 potions of agility
 j - a potion of curing {unknown}
 n - a potion of haste {unknown}
 p - a potion of might {unknown}
 x - a potion of flight {unknown}
 A - a potion of degeneration {unknown}
 B - a potion of lignification {unknown}
 N - a potion of brilliance
Comestibles
 e - 12 rations {!d}


   Skills:
 + Level 1.0 Fighting
 + Level 0.7 Short Blades
 + Level 0.5 Maces & Flails
 + Level 2.3 Armour
 + Level 2.0 Dodging
 - Level 2.1 Stealth
 + Level 2.5 Shields
 + Level 6.5 Spellcasting
 + Level 6.7 Summonings
 * Level 3.1 Invocations


You had 10 spell levels left.
You knew the following spells:

 Your Spells              Type           Power        Failure   Level  Hunger
a - Summon Small Mammal   Summ           ####         1%          1    None
b - Call Imp              Summ           #####.       1%          2    None
c - Call Canine Familiar  Summ           #####...     3%          3    None
d - Summon Ice Beast      Ice/Summ       ###.....     36%         4    ###....

Your spell library contained the following spells:

 Spells                   Type           Power        Failure   Level  Hunger
 Summon Lightning Spire   Summ/Air       ###.....     73%         5    #####..


Dungeon Overview and Level Annotations

Branches:
Dungeon (7/12)             Temple (1/1) D:5
   Lair: D:7-9

Annotations:
D:3 2 runed translucent doors, Quickbrownfox's ghost, amateur FrEE
D:6 3 runed translucent doors, yrara's ghost, novice GrFi


Innate Abilities, Weirdness & Mutations

You have an increased reservoir of magic. (+10% MP)
You have large cloven feet.
You are somewhat resistant to further mutation.


Message History

The orb of electricity engulfs the phantom.
The phantom is lightly damaged.
You hear a shout!
The smoke demon gestures at you.
The sticky flame hits you but does no damage.
You are covered in liquid flames!
The phantom hits you.
* * * LOW HITPOINT WARNING * * *
You block the hellwing's attack. The hellwing barely misses you.
It was a potion of mutation.
You feel extremely strange.
Your feet thicken and deform.
You feel genetically stable.
You are covered in liquid flames!
* * * LOW HITPOINT WARNING * * *
The hellwing disappears in a puff of smoke!
The smoke demon gestures at you. Something smites you!
* * * LOW HITPOINT WARNING * * *
The hound barely misses you. The phantom hits you.
You die...
Your divinity fades.

####.#######.........#
#.......# #.....#####
#.##.##.# #..........
#....)#.# #.....#####
#.##..#.# #.....#
#.##..#.# #.....#
##.####K5#.####.....#
.......h3#....'.....#
##.#####@######.....#
#W# #.....# #)#
####### #)# #.# #.#
#.# #.# #.#


You could see a kobold demonologist, a smoke demon, a phantom, a hound and a
shadow imp.

Vanquished Creatures
  Joseph (D:7)
  A bullfrog skeleton (D:5)
  An orc wizard (D:7)
  2 jackals (D:5)
  A bat (D:2)
6 creatures vanquished.

Vanquished Creatures (collateral kills)
  A manticore (D:7)
  A troll (D:5)
  Sigmund (D:5)
  Eustachio (D:3)
  Menkaure (D:5)
  An orc warrior (D:6)
  2 sky beasts
  6 ogres
  4 scorpions
  A howler monkey (D:4)
  3 crimson imps
  A hound (D:6)
  5 orc priests
  Crazy Yiuf (D:5)
  A centaur skeleton (D:5)
  A jelly (D:4)
  5 orc wizards
  5 worker ants
  3 gnolls (D:7)
  8 adders
  A shadow imp (D:6)
  2 oozes
  2 adder skeletons (D:4)
  3 worms
  6 leopard geckos
  24 orcs
  5 bats
  3 giant cockroaches
  2 goblins (D:1)
  2 hobgoblins
  16 jackals
  A quokka (D:4)
  A ball python (D:1)
  7 frilled lizards
  6 kobolds
  3 rats
  A fungus (D:5)
137 creatures vanquished.

Grand Total: 143 creatures vanquished

Notes
Turn   | Place    | Note
-------+----------+-------------------------------------------
     0 | D:1      | Foic the Demigod Summoner began the quest for the Orb.
     0 | D:1      | Reached XP level 1. HP: 14/14 MP: 5/5
   564 | D:1      | Reached XP level 2. HP: 20/20 MP: 5/7
   568 | D:1      | Learned a level 2 spell: Call Imp
  1078 | D:2      | Found an opulent altar of Gozag.
  1429 | D:2      | Reached * piety under Demigod
  1566 | D:2      | Found a snail-covered altar of Cheibriados.
  1792 | D:3      | Reached XP level 3. HP: 26/26 MP: 6/9
  1800 | D:3      | Learned a level 3 spell: Call Canine Familiar
  1950 | D:3      | Noticed an ogre
  2020 | D:3      | Killed an ogre
  2020 | D:3      | Reached XP level 4. HP: 33/33 MP: 5/11
  2242 | D:3      | Found a shattered altar of Ashenzari.
  2434 | D:3      | Found a runed translucent door.
  2437 | D:3      | Noticed Quickbrownfox's ghost (amateur FrEE)
  2458 | D:3      | Found a runed translucent door.
  2789 | D:4      | Noticed a sky beast
  2836 | D:4      | Noticed an ogre
  2853 | D:3      | Reached XP level 5. HP: 8/38 MP: 3/12
  3105 | D:4      | Noticed an ogre
  3111 | D:4      | Killed an ogre
  3263 | D:4      | Killed a sky beast
  3263 | D:4      | Reached skill level 1 in Shields
  3351 | D:4      | Noticed an ogre
  3368 | D:4      | Killed an ogre
  3368 | D:4      | Reached XP level 6. HP: 43/45 MP: 4/15
  3807 | D:4      | Reached ** piety under Demigod
  3821 | D:4      | Reached skill level 5 in Summonings
  3964 | D:4      | Noticed Eustachio
  4352 | D:4      | Found an ornate altar of the Wu Jian Council.
  4475 | D:3      | Killed Eustachio
  4475 | D:3      | Reached skill level 1 in Armour
  4741 | D:5      | Entered Level 5 of the Dungeon
  4893 | D:5      | Reached XP level 7. HP: 50/50 MP: 9/16
  4928 | D:5      | Identified the amulet "Ymuboo Teme" {Spirit rElec rPois
                  | Str-2 Slay+2}
  5049 | D:5      | Found a staircase to the Ecumenical Temple.
  5097 | Temple   | Entered the Ecumenical Temple
  5676 | D:5      | Noticed Sigmund
  5684 | D:5      | Noticed Menkaure
  5690 | D:5      | Killed Sigmund
  5702 | D:5      | Killed Menkaure
  5931 | D:5      | Found a runed door.
  6007 | D:5      | Noticed Crazy Yiuf
  6012 | D:5      | Killed Crazy Yiuf
  6109 | D:6      | Reached *** piety under Demigod
  6109 | D:6      | Reached skill level 5 in Spellcasting
  6250 | D:6      | Reached XP level 8. HP: 57/57 MP: 2/19
  6256 | D:6      | Learned a level 4 spell: Summon Ice Beast
  6303 | D:6      | Noticed a troll
  6474 | D:5      | Killed a troll
  7236 | D:6      | Reached skill level 1 in Invocations
  7294 | D:6      | Noticed yrara's ghost (novice GrFi)
  7303 | D:6      | Found a runed translucent gate.
  7303 | D:6      | Found a runed translucent gate.
  7303 | D:6      | Found a runed translucent gate.
  7625 | D:7      | Found the +8 robe of Folly {Archmagi, MR- EV-8 Int+8 Slay+8
                  | Stlth--}
  7626 | D:7      | Noticed a kobold demonologist
  7668 | D:7      | Noticed a soul eater
  8033 | D:7      | Noticed a manticore
  8248 | D:7      | Killed a manticore
  8251 | D:7      | Noticed Joseph
  8325 | D:7      | Killed Joseph
  8325 | D:7      | Reached skill level 1 in Fighting
  8575 | D:7      | Noticed a hellwing
  8576 | D:7      | Noticed a hellwing
  8580 | D:7      | Noticed a smoke demon
  8589 | D:7      | Gained mutation: You have large cloven feet. [potion of
                  | mutation]
  8589 | D:7      | Gained mutation: You are somewhat resistant to further
                  | mutation. [potion of mutation]
  8589 | D:7      | HP: 2/59 [smoke demon/divine providence[a kobold
                  | demonologist] (10)]
  8589 | D:7      | Slain by a phantom

Skill      XL: |  1  2  3  4  5  6  7  8 |
---------------+-------------------------+-----
Spellcasting   | 2 3 4 5 6 |  6.5
Summonings     | 4 5 6 |  6.7
Shields        | 1 2 |  2.5
Armour         | 1 2 |  2.3
Dodging        | 2 |  2.0
Invocations    | 3 |  3.1
Fighting       | 1 |  1.0
Short Blades   | |  0.7
Maces & Flails | |  0.5
Stealth        | |  2.1

Action                   |  1- 3 |  4- 6 |  7- 9 || total
-------------------------+-------+-------+-------++-------
Melee: Short sword       |     1 |    30 |       ||    31
       Flail             |       |       |    23 ||    23
 Cast: Summon Small Mamm |    70 |    54 |     7 ||   131
       Call Imp          |     2 |     5 |    62 ||    69
       Call Canine Famil |     2 |    33 |    39 ||    74
Invok: Major Destruction |       |       |     1 ||     1
  Use: Scroll            |     3 |       |     2 ||     5
       Potion            |       |     1 |     1 ||     2
  Eat: Chunk             |     4 |     8 |     5 ||    17
       Ration            |       |     1 |     2 ||     3
Armor: Leather armour    |    12 |    21 |    10 ||    43
       Robe              |     1 |       |       ||     1
       Ring mail         |       |       |    13 ||    13
Dodge: Dodged            |    17 |    54 |    30 ||   101
Block: Buckler           |     5 |    22 |    15 ||    42
